 Dungeon Crawl Stone Soup version 0.23.2-33-g5129a83184 (webtiles) character file.

Game seed: 4933826743620162744

28 Meegle the Grave Robber (level 3, -1/19 HPs)
             Began as a Deep Elf Necromancer on July 28, 2019.
             Slain by a jackal (3 damage)
             ... on level 1 of the Dungeon.
             The game lasted 00:02:06 (696 turns).

Meegle the Grave Robber (Deep Elf Necromancer)       Turns: 696, Time: 00:02:08

Health: -1/19      AC:  2    Str:  5    XL:     3   Next: 0%
Magic:  0/9        EV: 13    Int: 20    God:
Gold:   25         SH:  0    Dex: 15    Spells: 7/8 levels left

rFire    . . .     SeeInvis .   e - +2 short sword (freeze)
rCold    . . .     Gourm    .   (no shield)
rNeg     . . .     Faith    .   a - +0 robe
rPois    .         Spirit   .   (no helmet)
rElec    .         Reflect  .   (no cloak)
rCorr    .         Harm     .   (no gloves)
MR       .....                  (no boots)
Stlth    ++........             (no amulet)
HPRegen  0.06/turn              (no ring)
MPRegen  0.11/turn              (no ring)

@: no status effects
A: no striking features
a: no special abilities


You were on level 1 of the Dungeon.
You were not hungry.

You visited 1 branch of the dungeon, and saw 1 of its levels.

You collected 25 gold pieces.

Inventory:

Hand Weapons
 e - a +2 short sword of freezing (weapon)
Armour
 a - a +0 robe (worn)
Scrolls
 b - a scroll of blinking {unknown}
 d - a scroll of enchant armour {unknown}
 g - a scroll of identify {unknown}
Potions
 h - a potion of degeneration {unknown}
Comestibles
 c - 2 rations
 f - 2 chunks of flesh


   Skills:
 + Level 2.4 Dodging
 + Level 2.5 Stealth
 + Level 3.2 Spellcasting
 + Level 5.8 Necromancy


You had 7 spell levels left.
You knew the following spells:

 Your Spells              Type           Power        Failure   Level  Hunger
a - Pain                  Necr           ####         1%          1    None

Your spell library contained the following spells:

 Spells                   Type           Power        Failure   Level  Hunger
 Animate Skeleton         Necr           N/A          1%          1    None
 Vampiric Draining        Necr           ####......   3%          3    ###....
 Animate Dead             Necr           N/A          12%         4    ####...
 Regeneration             Chrm/Necr      ##........   13%         3    ###....


Dungeon Overview and Level Annotations

Branches:
Dungeon (1/15)

Altars:


Message History

The jackal barely misses you. The jackal bites you. The jackal bites you.
* * * LOW HITPOINT WARNING * * *
Your magical contamination has completely faded away.
Casting: Pain (safe; 1% risk of failure)
Confirm with . or Enter, or press ? or * to list all spells.
Aiming: Pain (safe; 1% risk of failure)
Press: ? - help, Shift-Dir - straight line, f - jackal
Aim: a jackal (chance to defeat MR: 93%)
The jackal writhes in agony.
The jackal bites you.
* * * LOW HITPOINT WARNING * * *
Casting: Pain (safe; 1% risk of failure)
Confirm with . or Enter, or press ? or * to list all spells.
Aiming: Pain (safe; 1% risk of failure)
Press: ? - help, Shift-Dir - straight line, f/p - jackal
Aim: a jackal (moderately wounded, chance to defeat MR: 93%)
The jackal writhes in agony.
The jackal closely misses you. The jackal bites you.
You die...

#...........# #### #...........#
#...# #...........# #...#
#...........# #...# #...........#
# #...# #.÷.........# ..
#...######...........##########.#
.................................
..........).....@h........#.#...
.÷.....###...........####...#.##
.......# ############# ##.....#
)......# #..#### ...)...# ##†#
.......# ........# .......#######
.......†# .......÷.....#
......... ......)).....#
########†


You could see a jackal.

Vanquished Creatures
  A dart slug (D:1)
  A leopard gecko (D:1)
  A ball python (D:1)
  A giant cockroach (D:1)
  4 goblins (D:1)
  2 hobgoblins (D:1)
  3 jackals (D:1)
  3 kobolds (D:1)
  2 bats (D:1)
  2 frilled lizards (D:1)
  4 rats (D:1)
24 creatures vanquished.

Notes
Turn   | Place    | Note
-------+----------+-------------------------------------------
     0 | D:1      | Meegle the Deep Elf Necromancer began the quest for the
                  | Orb.
     0 | D:1      | Reached XP level 1. HP: 10/10 MP: 6/6
   125 | D:1      | Reached skill level 5 in Necromancy
   207 | D:1      | Reached XP level 2. HP: 10/15 MP: 2/8
   682 | D:1      | Reached XP level 3. HP: 10/19 MP: 0/9
   696 | D:1      | Slain by a jackal

Skill      XL: |  1 |
---------------+----+-----
Necromancy     | 5 |  5.8
Dodging        | |  2.4
Stealth        | |  2.5
Spellcasting   | |  3.2

Action                   || total
-------------------------++-------
 Cast: Pain              ||    33
Dodge: Dodged            ||     3
